[Event "42nd Olympiad Baku 2016 Women"]
[Site "Baku"]
[Date "2016.09.08"]
[Round "6.16"]
[White "Mendoza, Shania Mae"]
[Black "Garcia Morales, Ivette Ale"]
[Result "0-1"]
[ECO "E32"]
[WhiteElo "1965"]
[BlackElo "2006"]
[Annotator ""]
[PlyCount "88"]
[EventDate "2016.??.??"]
[EventType "team-tourn"]
[EventCountry "AZE"]
[SourceTitle "playchess.com"]
[Source "ChessBase"]
[WhiteTeam "Philippines"]
[BlackTeam "Mexico"]
[WhiteTeamCountry "PHI"]
[BlackTeamCountry "MEX"]
[TimeControl "40/5400+30:1800+30"]

1. d4 {(00:00} e6 {(00:00} 2. c4 {(01:07} Nf6 {(
00:00} 3. Nc3 {(01:21} Bb4 {(00:00} 4. Qc2 {(00:54}
O-O {(00:45} 5. a3 {(01:15} Bxc3+ {(01:13} 6. Qxc3 {
(00:18} Ne4 {(04:30} 7. Qc2 {(02:36} f5 {(02:49]
} 8. Nh3 {(02:33} b6 {(02:10} 9. f3 {(04:20} Nf6 {
(03:24} 10. e3 {(00:38} Bb7 {(03:22} 11. Be2 {(
03:24} d6 {(03:00} 12. Nf2 {(03:15} Nbd7 {(03:32} 13.
O-O {(01:23} Qe8 {(05:18} 14. b3 {(07:54} g5 {(
13:15} 15. Bb2 {(04:16} Qg6 {(09:27} 16. Rfe1 {(10:15}
Rae8 {(01:49} 17. Rad1 {(05:23} Re7 {(05:19} 18. Bd3 {
(03:19} g4 {(01:39} 19. fxg4 {(10:12} Rg7 {(02:
40} 20. d5 {(00:44} Ne5 {(04:28} 21. Bxe5 {(04:14}
dxe5 {(00:08} 22. e4 {(04:38} fxg4 {(09:06} 23. g3 {
(02:15} h5 {(00:57} 24. Qc3 {(01:01} Nh7 {(02:
06} 25. Bf1 {(02:07} h4 {(11:50} 26. Bg2 {(02:03} hxg3
{(02:42} 27. hxg3 {(00:20} Qh5 {(01:01} 28. Nd3 {
(00:46} Ng5 {(02:53} 29. Rf1 {(01:28} Nf3+ {(00:
49} 30. Bxf3 {(00:13} gxf3 {(00:24} 31. Qxe5 {(02:03}
f2+ {(01:24} 32. Rxf2 {(00:52} Qxd1+ {(00:05} 33. Kg2 {
(00:05} Rxf2+ {(02:07} 34. Nxf2 {(00:02} Qe2 {(
01:13} 35. Qxe6+ {(00:40} Rf7 {(00:53} 36. Qg6+ {(00:
22} Rg7 {(01:04} 37. Qe6+ {(00:10} Rf7 {(00:13} 38.
Qg6+ {(00:57} Rg7 {(00:25} 39. Qe6+ {(00:06} Rf7 {
(00:40} 40. Qg6+ {(00:00} Kf8 {(00:00} 41. Qh6+ {
(02:06} Ke8 {(01:07} 42. Qe6+ {(00:21} Re7 {(05:
11} 43. Qg6+ {(00:52} Kd8 {(02:03} 44. Qf5 {(04:41}
Qb2 {(02:13} 0-1

[Event "42nd Olympiad Baku 2016 Women"]
[Site "Baku"]
[Date "2016.09.08"]
[Round "6.6"]
[White "Michna, Marta"]
[Black "Franciskovic, Borka"]
[Result "1/2-1/2"]
[ECO "D01"]
[WhiteElo "2383"]
[BlackElo "2267"]
[Annotator ""]
[PlyCount "59"]
[EventDate "2016.??.??"]
[EventType "team-tourn"]
[EventCountry "AZE"]
[SourceTitle "playchess.com"]
[Source "ChessBase"]
[WhiteTeam "Germany"]
[BlackTeam "Croatia"]
[WhiteTeamCountry "GER"]
[BlackTeamCountry "CRO"]
[TimeControl "40/5400+30:1800+30"]

1. d4 {(00:00} Nf6 {(00:00} 2. Nc3 {(00:00} d5 {
(00:36} 3. Bg5 {(00:00} Nbd7 {(03:29} 4. Qd3 {(
00:04} h6 {(05:46} 5. Bh4 {(00:18} c6 {(01:54} 6. Nf3
{(00:07} e6 {(09:24} 7. O-O-O {(21:49} b5 {(21:
15} 8. Ne5 {(05:51} Nxe5 {(08:05} 9. dxe5 {(00:13} g5
{(00:12} 10. exf6 {(04:30} gxh4 {(01:36} 11. e4 {
(25:19} Qxf6 {(17:41} 12. exd5 {(02:08} exd5 {(
03:05} 13. Qe3+ {(08:37} Be7 {(09:34} 14. Bxb5 {(01:38]
} Kf8 {(01:07} 15. Ba4 {(11:56} Bb7 {(01:40} 16. Rhe1 {
(02:21} Bd6 {(02:12} 17. Kb1 {(04:45} Kg7 {(01:
18} 18. g3 {(00:22} Rhe8 {(02:17} 19. Qxe8 {(03:19}
Rxe8 {(00:04} 20. Rxe8 {(00:02} Qxf2 {(00:57} 21. gxh4
{(01:22} Qxh2 {(00:32} 22. Ne2 {(01:53} c5 {(01:
30} 23. Rg1+ {(00:31} Kf6 {(01:23} 24. Rf1+ {(01:45}
Kg7 {(01:03} 25. Bd7 {(01:51} Ba6 {(01:16} 26. Rg1+ {
(00:39} Kf6 {(00:06} 27. Rf1+ {(00:22} Kg7 {(01:
40} 28. Rg1+ {(00:56} Kf6 {(00:03} 29. Rf1+ {(00:23}
Kg7 {(01:27} 30. Rg1+ {(00:52} 1/2-1/2

[Event "42nd Olympiad Baku 2016 Women"]
[Site "Baku"]
[Date "2016.09.08"]
[Round "6.8"]
[White "Miladi, Amen"]
[Black "Tavares, Domingas"]
[Result "1-0"]
[ECO "B21"]
[WhiteElo "1491"]
[BlackElo "1563"]
[Annotator ""]
[PlyCount "77"]
[EventDate "2016.??.??"]
[EventType "team-tourn"]
[EventCountry "AZE"]
[SourceTitle "playchess.com"]
[Source "ChessBase"]
[WhiteTeam "Tunisia"]
[BlackTeam "Angola"]
[WhiteTeamCountry "TUN"]
[BlackTeamCountry "ANG"]
[TimeControl "40/5400+30:1800+30"]

1. e4 {(00:00} c5 {(00:00} 2. d4 {(00:00} cxd4 {
(00:00} 3. c3 {(00:00} dxc3 {(00:53} 4. Nxc3 {(
00:08} Nc6 {(00:09} 5. Nf3 {(00:12} d6 {(00:45} 6. Bc4
{(00:28} Nf6 {(00:25} 7. O-O {(01:08} e6 {(00:
55} 8. Qe2 {(01:00} Be7 {(00:46} 9. Rd1 {(00:21} Bd7 {
(10:01} 10. Bf4 {(04:34} e5 {(06:55} 11. Bg5 {(
02:58} Bg4 {(02:00} 12. Be3 {(16:59} O-O {(02:45} 13.
h3 {(02:55} Bxf3 {(01:08} 14. Qxf3 {(00:26} a6 {
(01:00} 15. Bb3 {(05:54} Na5 {(01:56} 16. Bc2 {(
07:01} Nc4 {(00:50} 17. Bg5 {(01:56} Rc8 {(07:21} 18.
Rab1 {(05:09} b5 {(03:42} 19. Bxf6 {(02:35} Bxf6 {
(05:58} 20. Bb3 {(02:39} Bg5 {(15:27} 21. Qd3 {(
03:01} Be7 {(01:01} 22. Nd5 {(01:08} Rc6 {(00:59} 23.
Nb4 {(03:19} Rc8 {(09:08} 24. Nd5 {(01:34} Rc6 {
(07:36} 25. Nb4 {(00:18} Rc8 {(00:06} 26. Nd5 {(
00:04} Bg5 {(00:48} 27. a4 {(05:05} Na5 {(03:51} 28.
axb5 {(01:58} axb5 {(01:17} 29. Ba2 {(00:32} Rb8 {
(02:20} 30. Nb4 {(01:29} Be7 {(01:54} 31. Rbc1 {
(01:38} Qd7 {(00:28} 32. Nd5 {(01:52} Bd8 {(02:
12} 33. Ne3 {(02:22} Be7 {(01:17} 34. Nf5 {(01:17} Rb6
{(04:21} 35. Qc3 {(02:09} Nc6 {(02:24} 36. Bd5 {
(02:16} Rc8 {(02:07} 37. Qg3 {(02:02} g6 {(02:
48} 38. Nh6+ {(01:21} Kg7 {(00:40} 39. Nxf7 {(00:28}
1-0

[Event "42nd Olympiad Baku 2016 Women"]
[Site "Baku"]
[Date "2016.09.08"]
[Round "6.21"]
[White "Milovic, Aleksandra"]
[Black "Nomin-Erdene, Davaademberel"]
[Result "0-1"]
[ECO "D00"]
[WhiteElo "2252"]
[BlackElo "2422"]
[Annotator ""]
[PlyCount "82"]
[EventDate "2016.??.??"]
[EventType "team-tourn"]
[EventCountry "AZE"]
[SourceTitle "playchess.com"]
[Source "ChessBase"]
[WhiteTeam "Montenegro"]
[BlackTeam "Mongolia"]
[WhiteTeamCountry "MNE"]
[BlackTeamCountry "MGL"]
[TimeControl "40/5400+30:1800+30"]

1. d4 {(00:00} d5 {(00:00} 2. Bg5 {(00:00} Nf6 {
(00:00} 3. e3 {(00:23} c5 {(02:21} 4. Nd2 {(05:
41} e6 {(06:48} 5. c3 {(01:01} Nc6 {(03:42} 6. f4 {
(05:42} Qb6 {(10:28} 7. Qb3 {(21:53} Ng4 {(10:
27} 8. Qxb6 {(02:41} axb6 {(00:04} 9. Ke2 {(02:31} f6
{(10:25} 10. Bh4 {(00:12} e5 {(06:07} 11. fxe5 {
(02:00} fxe5 {(00:23} 12. h3 {(00:41} Nf6 {(05:
03} 13. Ngf3 {(03:35} e4 {(02:43} 14. Ne1 {(10:51} Bd6
{(08:08} 15. Kd1 {(13:40} Be6 {(05:56} 16. Be2 {
(00:29} h6 {(01:01} 17. Nc2 {(04:04} g5 {(02:40]
} 18. Be1 {(00:11} Ke7 {(00:31} 19. Nf1 {(04:53} h5 {
(01:23} 20. h4 {(01:46} Rag8 {(05:41} 21. g3 {(
04:23} gxh4 {(02:48} 22. Rxh4 {(01:09} Kd7 {(01:16}
23. a4 {(03:06} Ne7 {(01:57} 24. a5 {(00:59} c4 {
(05:22} 25. axb6 {(02:56} Nf5 {(00:30} 26. Rh1 {
(00:13} Nxg3 {(01:01} 27. Nxg3 {(00:06} Bxg3 {(
00:04} 28. Nb4 {(02:03} Bxe1 {(04:06} 29. Kxe1 {(00:10]
} Kd6 {(00:31} 30. Ra7 {(00:58} Bc8 {(00:33} 31. Ra5 {
(00:37} h4 {(00:24} 32. b3 {(04:16} cxb3 {(01:
55} 33. c4 {(00:25} dxc4 {(01:08} 34. Bxc4 {(00:12} b2
{(00:06} 35. Kf2 {(01:51} Rf8 {(00:30} 36. Ke2 {
(01:01} h3 {(00:21} 37. Ra2 {(00:43} Ng4 {(00:
19} 38. Kd2 {(00:55} h2 {(00:49} 39. Rxb2 {(00:18} Nf2
{(00:08} 40. Rbb1 {(00:00} Nxh1 {(00:00} 41. Rxh1 {
(00:32} Bg4 {(01:20} 0-1

[Event "42nd Olympiad Baku 2016 Women"]
[Site "Baku"]
[Date "2016.09.08"]
[Round "6.17"]
[White "Nosimilo Mkhonto"]
[Black "Blackman, Katrina"]
[Result "0-1"]
[ECO "D02"]
[WhiteElo "1392"]
[BlackElo "1642"]
[Annotator ""]
[PlyCount "76"]
[EventDate "2016.??.??"]
[EventType "team-tourn"]
[EventCountry "AZE"]
[SourceTitle "playchess.com"]
[Source "ChessBase"]
[WhiteTeam "SWZ"]
[BlackTeam "BAR"]
[BlackTeamCountry "BAR"]
[TimeControl "40/5400+30:1800+30"]

1. d4 {(00:00} e6 {(00:00} 2. Bf4 {(00:00} Nf6 {
(00:00} 3. e3 {(00:09} d5 {(00:07} 4. Nf3 {(00:
17} c5 {(00:14} 5. c3 {(00:36} Bd6 {(00:06} 6. Bxd6 {
(00:13} Qxd6 {(00:05} 7. Bd3 {(00:25} Nc6 {(00:
25} 8. Nbd2 {(00:24} O-O {(00:51} 9. O-O {(00:07} e5 {
(00:55} 10. dxe5 {(02:51} Nxe5 {(00:22} 11. Nxe5 {
(02:19} Qxe5 {(00:05} 12. Nf3 {(00:17} Qd6 {(02:
49} 13. Re1 {(12:48} Bg4 {(13:23} 14. Be2 {(00:32}
Rad8 {(02:01} 15. Qa4 {(05:53} a6 {(07:39} 16. Rad1 {
(05:45} Qb6 {(05:07} 17. Qc2 {(10:53} h6 {(02:
07} 18. Ne5 {(04:59} Bxe2 {(00:16} 19. Qxe2 {(00:54}
Rfe8 {(01:49} 20. Nf3 {(04:45} Qe6 {(17:01} 21. Nd2 {
(09:56} d4 {(08:11} 22. Nb3 {(10:21} dxe3 {(17:
07} 23. fxe3 {(04:09} Rxd1 {(01:40} 24. Qxd1 {(01:03}
b6 {(01:19} 25. a3 {(03:06} Qc6 {(05:39} 26. Nd2 {
(00:57} b5 {(01:44} 27. Qf3 {(02:06} Qe6 {(02:
26} 28. e4 {(03:17} Rd8 {(02:29} 29. Nf1 {(00:21} c4 {
(01:05} 30. e5 {(01:51} Nd7 {(01:55} 31. Qg3 {(
01:46} Nc5 {(01:02} 32. Qh4 {(00:36} Re8 {(00:28} 33.
Ng3 {(01:19} Nd3 {(00:23} 34. Re2 {(00:27} Qg6 {
(01:10} 35. Qh3 {(02:56} Qb6+ {(01:10} 36. Kf1 {
(02:01} Rxe5 {(01:42} 37. Qc8+ {(00:43} Kh7 {(
00:02} 38. Qg4 {(01:23} Qf2+ {(00:33} 0-1

[Event "42nd Olympiad Baku 2016 Women"]
[Site "Baku"]
[Date "2016.09.08"]
[Round "6.15"]
[White "Moncayo Romero, Evelyn"]
[Black "Avalos, Leticia"]
[Result "1-0"]
[ECO "C05"]
[WhiteElo "2046"]
[BlackElo "1729"]
[Annotator ""]
[PlyCount "35"]
[EventDate "2016.??.??"]
[EventType "team-tourn"]
[EventCountry "AZE"]
[SourceTitle "playchess.com"]
[Source "ChessBase"]
[WhiteTeam "Ecuador"]
[BlackTeam "Paraguay"]
[WhiteTeamCountry "ECU"]
[BlackTeamCountry "PAR"]
[TimeControl "40/5400+30:1800+30"]

1. e4 {(00:00} e6 {(00:00} 2. d4 {(00:00} d5 {(
00:00} 3. Nd2 {(00:07} Nf6 {(00:00} 4. e5 {(00:15}
Nfd7 {(00:41} 5. Bd3 {(00:31} c5 {(00:12} 6. c3 {
(01:02} Nc6 {(03:19} 7. Ne2 {(01:33} Qb6 {(01:
33} 8. Nf3 {(01:55} Be7 {(05:38} 9. O-O {(01:03} cxd4
{(02:21} 10. cxd4 {(00:23} f6 {(03:01} 11. exf6 {
(02:24} Nxf6 {(00:07} 12. Re1 {(03:16} O-O {(07:
22} 13. Nf4 {(03:43} Nd8 {(02:41} 14. Ng5 {(14:34} e5
{(12:25} 15. Rxe5 {(10:13} Bd6 {(01:10} 16. Qc2 {
(05:38} Ne4 {(13:17} 17. Nxd5 {(21:07} Qxd4 {(
06:21} 18. Rxe4 1-0

[Event "42nd Olympiad Baku 2016 Women"]
[Site "Baku"]
[Date "2016.09.08"]
[Round "6.13"]
[White "Mora Oviedo, Andrea Melissa"]
[Black "Sukhu, Gloria"]
[Result "1-0"]
[ECO "D53"]
[WhiteElo "1783"]
[BlackElo "1476"]
[Annotator ""]
[PlyCount "79"]
[EventDate "2016.??.??"]
[EventType "team-tourn"]
[EventCountry "AZE"]
[SourceTitle "playchess.com"]
[Source "ChessBase"]
[WhiteTeam "Honduras"]
[BlackTeam "Fiji"]
[WhiteTeamCountry "HON"]
[BlackTeamCountry "FIJ"]
[TimeControl "40/5400+30:1800+30"]

1. d4 {(00:00} Nf6 {(00:00} 2. c4 {(00:04} e6 {(
01:04} 3. Nc3 {(01:55} d5 {(00:07} 4. Bg5 {(04:07} Be7
{(00:08} 5. e3 {(03:21} a6 {(00:29} 6. Nf3 {(01:
26} Nbd7 {(01:15} 7. Qc2 {(05:52} c5 {(00:22} 8. cxd5
{(09:44} Nxd5 {(01:00} 9. Bxe7 {(01:35} Qxe7 {(
02:23} 10. Nxd5 {(10:20} exd5 {(00:15} 11. dxc5 {(01:
48} Nxc5 {(00:33} 12. Rc1 {(02:39} Ne4 {(00:18} 13.
Qa4+ {(10:16} Bd7 {(00:17} 14. Qd4 {(01:04} Nf6 {
(00:18} 15. Bd3 {(02:59} Bc6 {(00:25} 16. O-O {(
00:51} Rd8 {(00:56} 17. Ne5 {(01:37} Rd6 {(00:30} 18.
Bxa6 {(01:59} Ne4 {(02:34} 19. Nxc6 {(02:27} bxc6 {
(00:39} 20. Rxc6 {(02:10} O-O {(05:33} 21. Rxd6 {
(03:06} Qxd6 {(00:13} 22. Bd3 {(01:04} Re8 {(02:
22} 23. Rd1 {(02:23} Nf6 {(00:41} 24. e4 {(02:12} Re5
{(00:05} 25. f4 {(01:27} Rh5 {(00:05} 26. e5 {(
00:37} Qe6 {(00:00} 27. exf6 {(01:04} g6 {(01:08} 28.
Bc4 {(01:36} Rf5 {(06:13} 29. Bxd5 {(00:40} Qxf6 {
(00:09} 30. Qxf6 {(00:37} Rxf6 {(00:36} 31. g3 {
(00:09} Kg7 {(00:23} 32. Bc4 {(00:37} h5 {(00:
22} 33. a4 {(00:43} Rb6 {(01:18} 34. b3 {(00:07} Rb7 {
(00:06} 35. a5 {(00:23} Ra7 {(00:04} 36. a6 {(
00:19} Kf6 {(00:07} 37. Re1 {(01:26} Kf5 {(00:45} 38.
b4 {(00:31} f6 {(00:10} 39. h3 {(00:35} Rd7 {(
01:02} 40. Be6# {(00:00} 1-0

[Event "42nd Olympiad Baku 2016 Women"]
[Site "Baku"]
[Date "2016.09.08"]
[Round "6.22"]
[White "Morozova, Iuliia"]
[Black "Miller, Rachel"]
[Result "1-0"]
[ECO "A45"]
[WhiteElo "2025"]
[BlackElo "1971"]
[Annotator ""]
[PlyCount "129"]
[EventDate "2016.??.??"]
[EventType "team-tourn"]
[EventCountry "AZE"]
[SourceTitle "playchess.com"]
[Source "ChessBase"]
[WhiteTeam "Belgium"]
[BlackTeam "Jamaica"]
[WhiteTeamCountry "BEL"]
[BlackTeamCountry "JAM"]
[TimeControl "40/5400+30:1800+30"]

1. d4 {(00:21} Nf6 {(00:00} 2. e3 {(01:21} c5 {(
00:36} 3. c3 {(05:38} b6 {(02:52} 4. Nd2 {(07:00} Bb7
{(01:11} 5. f4 {(00:57} g6 {(01:44} 6. Ngf3 {(
00:17} d6 {(01:16} 7. Bd3 {(00:50} Bg7 {(01:02} 8. O-O
{(00:28} Nbd7 {(01:33} 9. e4 {(01:09} cxd4 {(09:
05} 10. cxd4 {(03:12} O-O {(01:05} 11. Qe2 {(01:20} e5
{(03:59} 12. Nc4 {(04:47} d5 {(17:50} 13. exd5 {
(32:18} exd4 {(03:14} 14. d6 {(10:48} Nd5 {(16:
40} 15. f5 {(06:10} Re8 {(06:05} 16. Qf2 {(01:10} Nc5
{(00:06} 17. fxg6 {(02:56} fxg6 {(06:05} 18. Ng5 {
(05:31} Rf8 {(04:19} 19. Qh4 {(02:08} Rxf1+ {(
00:43} 20. Bxf1 {(08:22} h6 {(01:37} 21. Nf3 {(00:14}
Qxh4 {(00:37} 22. Nxh4 {(00:03} Kh7 {(00:12} 23. Bd2 {
(01:03} a5 {(06:56} 24. Re1 {(00:42} Rd8 {(04:
18} 25. Nf3 {(01:32} Ba8 {(02:08} 26. Nfe5 {(00:25}
Re8 {(04:00} 27. h4 {(01:01} b5 {(00:05} 28. d7 {
(00:28} Nxd7 {(01:30} 29. Nxd7 {(00:29} Rxe1 {(
00:04} 30. Bxe1 {(00:09} bxc4 {(00:17} 31. Bxc4 {(00:
15} Ne3 {(01:46} 32. Bd3 {(00:40} Nxg2 {(00:25} 33.
Bxa5 {(00:37} Nxh4 {(00:05} 34. b4 {(00:39} Nf3+ {
(00:24} 35. Kf2 {(00:13} Ne5 {(00:10} 36. Nxe5 {
(00:15} Bxe5 {(00:03} 37. b5 {(00:23} h5 {(00:
49} 38. b6 {(00:36} Bb7 {(00:02} 39. Bf1 {(01:17} Kg7
{(00:28} 40. Bb4 {(00:00} Bc6 {(00:00} 41. Bg2 {
(05:17} Bb5 {(12:14} 42. Bc5 {(03:39} d3 {(14:
27} 43. Ke3 {(01:53} Bb8 {(00:18} 44. Be7 {(05:57} Kf7
{(00:26} 45. Bg5 {(02:13} Bd6 {(01:14} 46. Kd4 {
(11:40} Bg3 {(04:58} 47. b7 {(00:38} Bd6 {(03:
17} 48. Kd5 {(00:39} Bb8 {(01:05} 49. Kc5 {(00:21} Bd7
{(00:27} 50. Kb6 {(00:53} Bg4 {(00:26} 51. Be4 {
(01:29} Bf5 {(00:30} 52. Bc6 {(00:33} h4 {(00:
38} 53. Bxh4 {(01:51} d2 {(00:04} 54. Ba4 {(00:12} Bg4
{(00:05} 55. Bd8 {(00:10} d1=Q {(01:13} 56. Bxd1 {
(00:08} Bxd1 {(00:04} 57. Bc7 {(00:10} Bf3 {(00:
55} 58. Bxb8 {(00:20} Ke6 {(00:01} 59. a4 {(00:38} Kd7
{(00:42} 60. a5 {(00:15} Be2 {(00:11} 61. a6 {(
00:14} Bxa6 {(00:02} 62. Kxa6 {(00:06} Kc6 {(00:05}
63. Bg3 {(00:15} g5 {(00:09} 64. b8=Q {(00:15} g4 {
(00:06} 65. Qd6# {(00:28] Kd5} 1-0

[Event "42nd Olympiad Baku 2016 Women"]
[Site "Baku"]
[Date "2016.09.08"]
[Round "6.10"]
[White "Mpinganjira, Ellen"]
[Black "Kannappan, Sigappi"]
[Result "0-1"]
[ECO "B40"]
[WhiteElo "1372"]
[BlackElo "1864"]
[Annotator ""]
[PlyCount "178"]
[EventDate "2016.??.??"]
[EventType "team-tourn"]
[EventCountry "AZE"]
[SourceTitle "playchess.com"]
[Source "ChessBase"]
[WhiteTeam "MAW"]
[BlackTeam "Hong Kong"]
[BlackTeamCountry "HKG"]
[TimeControl "40/5400+30:1800+30"]

1. e4 {(00:00} c5 {(00:05} 2. Nf3 {(00:14} e6 {(
00:05} 3. Bc4 {(02:33} a6 {(00:06} 4. c3 {(00:32} d5 {
(02:29} 5. exd5 {(02:00} exd5 {(00:05} 6. Be2 {(
01:21} Nf6 {(01:19} 7. O-O {(00:49} Be7 {(00:49} 8. h3
{(01:38} O-O {(00:11} 9. d4 {(03:23} c4 {(02:15]
} 10. Nbd2 {(02:44} Bf5 {(01:13} 11. Re1 {(03:21} h6 {
(16:36} 12. Nh4 {(04:37} Bh7 {(00:21} 13. Bg4 {(
06:58} Nxg4 {(00:21} 14. Qxg4 {(18:35} Bxh4 {(02:35}
15. Nf3 {(00:13} Bg5 {(01:45} 16. Bxg5 {(01:35} hxg5 {
(00:08} 17. Nxg5 {(00:17} Nc6 {(26:59} 18. Re3 {
(04:25} Qc8 {(14:23} 19. Qh4 {(03:18} Bg6 {(00:
45} 20. f4 Re8 {(06:08} 21. Rf3 {(07:12} f6 {(01:25}
22. f5 {(03:53} fxg5 {(00:05} 23. Qxg5 {(00:15} Bxf5 {
(02:30} 24. Rxf5 {(00:46} Qe6 {(05:59} 25. Raf1 {
(01:40} Qe3+ {(03:12} 26. Qxe3 {(00:55} Rxe3 {(
00:01} 27. Rxd5 {(00:18} Rae8 {(02:36} 28. Rd7 {(00:55]
} Nd8 {(00:41} 29. Rc7 {(00:30} b5 {(01:52} 30. Ra7 {
(00:09} R3e6 {(01:26} 31. d5 {(00:53} Rd6 {(00:
10} 32. Rd1 {(01:18} Nf7 {(00:21} 33. g4 {(00:56} Ne5
{(00:35} 34. Kg2 {(00:57} Nd3 {(01:04} 35. Rf1 {
(00:54} Rf8 {(00:40} 36. Rxf8+ {(00:41} Kxf8 {(
00:01} 37. Ra8+ {(00:11} Kf7 {(00:39} 38. Ra7+ {(00:29]
} Kg6 {(00:26} 39. b3 {(01:16} Nf4+ {(02:34} 40. Kg3 {
(00:00} Nxd5 {(00:00} 41. bxc4 {(00:41} bxc4 {(
02:45} 42. h4 {(00:34} Nxc3 {(02:18} 43. h5+ {(00:35}
Kf6 {(01:01} 44. Rc7 {(01:11} Rd3+ {(12:32} 45. Kf2 {
(01:24} Ne4+ {(03:00} 46. Ke2 {(01:17} Nc3+ {(
03:40} 47. Kf2 {(00:36} Nxa2 {(02:09} 48. Rxc4 {(00:30]
} Rd6 {(02:22} 49. Rf4+ {(01:07} Kg5 {(01:05} 50. Re4 {
(00:07} Nc3 {(00:54} 51. Rc4 {(01:09} Nb5 {(00:
36} 52. Ke3 {(00:30} Re6+ {(02:33} 53. Kf3 {(00:43}
Rf6+ {(01:25} 54. Kg3 {(00:16} Rd6 {(00:58} 55. Rc5+ {
(00:23} Kf6 {(00:07} 56. Rf5+ {(01:10} Ke7 {(00:
03} 57. Rg5 {(01:07} Kf7 {(00:49} 58. Rf5+ {(00:17}
Rf6 {(00:05} 59. Rc5 {(00:38} Ke7 {(02:04} 60. Rg5 {
(00:22} Kf8 {(00:20} 61. Rc5 {(00:31} Nd4 {(00:
18} 62. Rc8+ {(00:32} Kf7 {(00:41} 63. Rc7+ {(00:11}
Kg8 {(01:08} 64. Rc8+ {(00:32} Rf8 {(00:05} 65. Rc5 {
(00:30} Ne2+ {(00:03} 66. Kh4 {(00:26} Nf4 {(01:
27} 67. Rg5 {(00:59} Kh7 {(00:48} 68. Ra5 {(00:38} Ra8
{(00:02} 69. Ra4 {(01:10} Ne6 {(00:09} 70. Re4 {
(00:10} Nf8 {(00:41} 71. Re7 {(00:20} Rd8 {(01:
08} 72. Ra7 {(01:28} Rd6 {(00:02} 73. g5 {(00:47} Nd7
{(00:56} 74. Ra8 {(00:42} g6 {(00:41} 75. hxg6+ {
(00:26} Kxg6 {(00:03} 76. Rg8+ {(01:29} Kf7 {(
00:07} 77. Rh8 {(00:13} Kg7 {(00:23} 78. Rh5 {(00:19}
Rd4+ {(00:28} 79. Kg3 {(00:05} Ne5 {(01:24} 80. g6 {
(00:36} Nxg6 {(00:05} 81. Ra5 {(00:29} Rd6 {(00:
05} 82. Ra1 {(00:39} Kf6 {(00:22} 83. Rf1+ {(00:11}
Ke5 {(00:08} 84. Re1+ {(00:13} Kf6 {(00:17} 85. Rf1+ {
(00:05} Ke6 {(00:06} 86. Re1+ {(00:22} Ne5 {(00:
08} 87. Kf4 {(00:07} Rd4+ {(00:13} 88. Ke3 {(01:15}
Kd5 {(00:47} 89. Kf2 {(00:23} Nd3+ {(00:03} 0-1

[Event "42nd Olympiad Baku 2016 Women"]
[Site "Baku"]
[Date "2016.09.08"]
[Round "6.19"]
[White "Thobile Mthethwa"]
[Black "Cumberbatch, Gabriela"]
[Result "0-1"]
[ECO "D00"]
[WhiteElo "1392"]
[BlackElo "1312"]
[Annotator ""]
[PlyCount "98"]
[EventDate "2016.??.??"]
[EventType "team-tourn"]
[EventCountry "AZE"]
[SourceTitle "playchess.com"]
[Source "ChessBase"]
[WhiteTeam "SWZ"]
[BlackTeam "BAR"]
[BlackTeamCountry "BAR"]
[TimeControl "40/5400+30:1800+30"]

1. d4 {(00:00} d5 {(00:00} 2. f4 {(00:00} Nf6 {(
01:56} 3. Nd2 {(00:42} Nc6 {(01:04} 4. e3 {(00:10} a6
{(03:42} 5. Ngf3 {(01:09} Bf5 {(05:22} 6. a3 {(
06:13} e6 {(01:03} 7. Bd3 {(00:31} Be4 {(11:31} 8. O-O
{(00:48} Bd6 {(03:07} 9. Qe2 {(03:23} O-O {(06:
46} 10. Ng5 {(01:31} Bxd3 {(04:44} 11. Qxd3 {(01:14}
Ne7 {(07:28} 12. Rf3 {(06:46} h6 {(02:57} 13. Nh3 {
(07:12} c5 {(07:44} 14. c3 {(01:33} c4 {(05:23}
15. Qc2 {(00:38} Qc7 {(01:45} 16. Nf2 {(10:01} Ng6 {
(06:11} 17. Rh3 {(03:16} Qc6 {(03:54} 18. Nf3 {(
03:22} Be7 {(08:02} 19. Ne5 {(01:49} Nxe5 {(02:07} 20.
fxe5 {(00:47} Ne4 {(01:48} 21. Ng4 {(04:05} Bg5 {
(01:57} 22. Bd2 {(03:51} f6 {(02:28} 23. Rf1 {(
01:45} fxe5 {(01:36} 24. Nxe5 {(01:02} Qe8 {(01:15}
25. Rhf3 {(10:14} Rf6 {(02:49} 26. Qd1 {(02:56} Rxf3 {
(02:10} 27. Nxf3 {(02:03} Bf6 {(01:27} 28. h3 {(
01:38} Qg6 {(00:13} 29. g4 {(01:44} h5 {(00:51} 30.
Ne5 {(00:59} Bxe5 {(00:29} 31. dxe5 {(00:36} hxg4 {
(00:06} 32. Qxg4 {(01:10} Qxg4+ {(00:07} 33. hxg4 {
(00:37} Nxd2 34. Rf4 {(02:12} Ne4 {(00:45} 35. Kf1 {
(01:44} Nc5 {(00:30} 36. e4 {(02:49} Nxe4 {(00:
45} 37. Ke2 {(01:04} Rf8 {(01:24} 38. Ke3 {(00:31} Nc5
{(00:28} 39. Rxf8+ {(00:22} Kxf8 {(00:25} 40. Kd2 {
(00:00} Nd3 {(00:00} 41. Kc2 {(01:45} Nxe5 {(00:
23} 42. g5 {(01:44} g6 {(00:16} 43. a4 {(00:23} Nf3 {
(00:08} 44. b3 {(01:05} Nxg5 {(00:54} 45. b4 {(
00:54} e5 {(01:00} 46. Kd2 {(03:06} Kf7 {(00:28} 47.
Ke3 {(00:44} Ne4 {(00:20} 48. a5 {(00:46} Nxc3 {
(00:49} 49. Kd2 {(01:20} Na2 {(00:47} 0-1